 Dungeon Crawl Stone Soup version 0.28-a0-1567-g1695149f81 (webtiles) character file.

Game seed: 12388684782525671005

233 croobank the Insei (level 5, -1/44 HPs)
             Began as a Draconian Transmuter on Jan 19, 2022.
             Slain by a gnoll (7 damage)
             ... on level 4 of the Dungeon.
             The game lasted 00:11:34 (3345 turns).

croobank the Insei (Draconian Transmuter)           Turns: 3345, Time: 00:11:35

Health: -1/44      AC:  5    Str: 13    XL:     5   Next: 74%
Magic:  9/9        EV: 12    Int: 13    God:
Gold:   131        SH:  0    Dex: 13    Spells: 9/10 levels left

rFire   . . .      SeeInvis .   a - +1 short sword
rCold   . . .      Faith    .   (no shield)
rNeg    . . .      Spirit   .   (armour unavailable)
rPois   .          Reflect  .   (helmet restricted)
rElec   .          Harm     .   (no cloak)
rCorr   .          Rampage  .   (no gloves)
Will    .....                   (no boots)
Stlth   +.........              (no amulet)
HPRegen 0.14/turn               (no ring)
MPRegen 0.11/turn               (no ring)

@: on berserk cooldown, slowed, very slow
A: AC +5, unfitting armour, cold-blooded
a: no special abilities


You were on level 4 of the Dungeon.
You visited 1 branch of the dungeon, and saw 4 of its levels.

You collected 150 gold pieces.
You spent 19 gold pieces at shops.

Inventory:

Hand Weapons
 a - a +1 short sword (weapon)
 b - a +0 hunting sling
 p - a +0 hand axe
Missiles
 c - 76 stones
 f - 37 sling bullets
 l - 17 bolts
 q - 38 arrows
Jewellery
 e - a ring of protection from cold
Wands
 g - a wand of mindburst (4)
Potions
 d - a potion of curing {unknown}
 i - 2 potions of degeneration {unknown}
 j - a potion of heal wounds
 m - a potion of brilliance {unknown}
 n - a potion of ambrosia {unknown}
 o - a potion of berserk rage
 r - a potion of flight {unknown}


   Skills:
 + Level 2.9 Fighting
 + Level 1.2 Short Blades
 + Level 2.9 Dodging
 - Level 3.6 Unarmed Combat
 + Level 3.0 Spellcasting
 + Level 3.1 Transmutations


You had 9 spell levels left.
You knew the following spells:

 Your Spells              Type           Power      Damage    Failure   Level
a - Beastly Appendage     Tmut           20%        N/A       6%          1

Your spell library contained the following spells:

 Spells                   Type           Power      Damage    Failure   Level
 Wereblood                Tmut           10%        N/A       10%         2
 Spider Form              Tmut/Pois      6%         N/A       34%         3
 Ice Form                 Ice/Tmut       6%         N/A       75%         4


Dungeon Overview and Level Annotations

Branches:
Dungeon (4/15)
 Temple: D:4-7

Altars:
Cheibriados
Gozag
Trog

Shops:
D:3 (


Innate Abilities, Weirdness & Mutations

Your plain brown scales are hard. (AC +5)
You cannot fit into any form of body armour.
You are cold-blooded and may be slowed by cold attacks.


Message History

You feel very sick. The scorpion stings you.
A red film seems to cover your vision as you go berserk!
You feel yourself moving faster!
You feel mighty!
You feel very sick. The scorpion closely misses you.
You barely miss the scorpion.
You feel sick. The scorpion closely misses you.
You barely miss the scorpion.
You feel sick. The scorpion stings you!
* * * LOW HITPOINT WARNING * * *
You barely miss the scorpion.
You feel sick. The scorpion barely misses you.
You puncture the scorpion!
The scorpion is heavily wounded.
You feel sick.
The scorpion stings you but does no damage.
You hit the scorpion. You punch the scorpion.
You kill the scorpion!
Your Short Blades skill increases to level 1!
Your Spellcasting skill increases to level 3!
Your Transmutations skill increases to level 3!
You feel sick. The orc hits you but does no damage.
You closely miss the orc. You tail-slap the orc!
You kill the orc!
You hear the brisk hiss of a very distant avalanche of sand.
You feel sick.
You barely miss the gnoll.
You feel sick.
You feel a strong urge to attack something.
You feel sick.
You are no longer poisoned.
You are no longer berserk.
You are exhausted.
You feel yourself slow down. The gnoll barely misses you.
The gnoll closely misses you. The gnoll barely misses you.
The gnoll hits you from afar with a +0 spear.
* * * LOW HITPOINT WARNING * * *
The gnoll closely misses you. The gnoll barely misses you.
The gnoll hits you from afar with a +0 spear!
You die...

### #.#############
#....S.go.g...#
#S###########g# #.#
.......g#
#g#####.####g.#
####g#...).# #.@#
...goo...######..#
....g....#.......###
.........gg........#
'♣♣♣'♣.....####.##g#
§....♣#....# #.#


.gg .§§≈.♣.....# #.# og... ..§§.♣.....# #.# ....... .._..'...#.# #.# ....... You
could see 3 gnolls.

Vanquished Creatures
  A scorpion (D:4)
  Jessica (D:3)
  Robin (D:4)
  A gnoll (D:1)
  3 adders
  2 worms
  2 dart slugs (D:2)
  2 orcs
  6 bats
  3 endoplasms
  2 giant cockroaches
  13 goblins
  19 hobgoblins
  3 jackals (D:1)
  7 kobolds
  4 quokkas
  3 ball pythons (D:2)
  5 frilled lizards
  5 rats
83 creatures vanquished.

Notes
Turn   | Place    | Note
-------+----------+-------------------------------------------
     0 | D:1      | croobank the Draconian Transmuter began the quest for the
                  | Orb.
     0 | D:1      | Reached XP level 1. HP: 16/16 MP: 3/3
    54 | D:1      | Reached XP level 2. HP: 2/23 MP: 3/5
   797 | D:1      | Reached XP level 3. HP: 29/29 MP: 4/6
  1137 | D:1      | Found a faded altar of an unknown god.
  1637 | D:2      | Reached XP level 4. HP: 36/36 MP: 5/7
  2232 | D:3      | Noticed Jessica
  2245 | D:3      | Killed Jessica
  2349 | D:3      | Found a snail-covered altar of Cheibriados.
  2446 | D:3      | Found Wapiacha's Weapon Shoppe.
  2450 | D:3      | Bought a +0 hunting sling for 19 gold pieces
  2675 | D:3      | Found a bloodstained altar of Trog.
  3089 | D:4      | Found an opulent altar of Gozag.
  3092 | D:4      | Noticed Robin
  3103 | D:4      | Reached XP level 5. HP: 28/42 MP: 9/9
  3132 | D:4      | Killed Robin
  3327 | D:4      | Reached skill level 1 in Short Blades
  3345 | D:4      | Slain by a gnoll

Illustrated notes

Levels and vault maps discovered:
D:1:      eino_arrival_water_star, layout_basic,
          hellmonk_ecumenical_altar_inner_sanctum, st_stairs_11,
          minmay_tromino_v4_a
D:2:      layout_loops_ring
D:3:      layout_basic, slow_altar_2, mainiacjoe_overflow_24_doors,
          serial_shops, shop, uniq_jessica
D:4:      layout_basic, nicolae_ru_the_path_less_chosen,
          mainiacjoe_overflow_six_doors_small, serial_shops, shop, shop,
          lightli_ossuary_entry_decrepit_ruins, uniq_robin

Skill      XL: |  1  2  3  4  5 |
---------------+----------------+-----
Dodging        | 2 |  2.9
Fighting       | 2 |  2.9
Short Blades   | 1 |  1.2
Spellcasting   | 3 |  3.0
Transmutations | 3 |  3.1
Unarmed Combat | |  3.6

Action                   |  1- 3 |  4- 6 || total
-------------------------+-------+-------++-------
Melee: Unarmed           |    89 |       ||    89
       Kick              |    19 |    10 ||    29
       Tailslap          |    12 |    13 ||    25
       Headbutt          |     9 |     9 ||    18
       Short sword       |    27 |   116 ||   143
       Punch             |     2 |     3 ||     5
 Cast: Beastly Appendage |    25 |    20 ||    45
  Use: Scroll            |       |     5 ||     5
       Potion            |       |     2 ||     2
 Stab: Sleeping          |     1 |       ||     1
Armor: Skin              |    49 |    23 ||    72
Dodge: Dodged            |    67 |    65 ||   132

Table legend: (Time is in decaauts)
 A = Elapsed time spent in this place.
 B = Non-inter-level travel time spent in this place.
 C = Inter-level travel time spent in this place.
 D = Time resting spent in this place.
 E = Time spent auto-exploring this place.
 F = Levels seen in this place.
 G = Mean time per level.
                   A        B        C        D        E       F      G
               +--------+--------+--------+--------+--------+-----+--------+
         Total |   3367 |   3285 |     82 |    328 |   2062 |   4 |  841.8 |
       Dungeon |   3367 |   3285 |     82 |    328 |   2062 |   4 |  841.8 |
               +--------+--------+--------+--------+--------+-----+--------+

Top non-repeatable levels by time:
     D:1: 1216 daAuts
     D:3: 958 daAuts
     D:2: 918 daAuts
     D:4: 273 daAuts
